 Dungeon Crawl Stone Soup version 0.17-a0-1468-gbf503c2 (webtiles) character file.

160 patman the Conjurer (level 5, -6/28 HPs)
             Began as a Tengu Venom Mage on July 1, 2015.
             Was an Initiate of Vehumet.
             Killed from afar by North's ghost (28 damage)
             ... with a stone arrow
             ... on level 5 of the Dungeon.
             The game lasted 00:07:52 (3104 turns).

patman the Conjurer (Tengu Venom Mage)              Turns: 3104, Time: 00:07:52

Health: -6/28      AC:  3    Str:  8    XL:     5   Next: 41%
Magic:  9/9        EV:  7    Int: 17    God:    Vehumet [......]
Gold:   74         SH:  0    Dex: 14    Spells: 2 memorised, 4 levels left

rFire  . . .     SeeInvis .     p - +0 dagger
rCold  . . .     Clarity  .     a - +0 robe
rNeg   . . .     SustAt   .     (no shield)
rPois  .         Gourm    .     (helmet restricted)
rElec  .         Spirit   .     (no cloak)
rCorr  .         Warding  .     (no gloves)
rMut   .         Stasis   .     (boots unavailable)
MR     .....                    (no amulet)
Stlth  ++........               m - ring of wizardry
                                i - ring of flight

@: not resistant to hostile enchantments, unstealthy
A: beak, talons 3, molten scales 1, able to fly 1
a: Fly, Renounce Religion, Evoke Flight


You were on level 5 of the Dungeon.
You worshipped Vehumet.
Vehumet was noncommittal.
You were not hungry.

You visited 2 branches of the dungeon, and saw 5 of its levels.

You collected 74 gold pieces.

Inventory:

Hand weapons
 p - a +0 dagger (weapon)
Armour
 a - a +0 robe (worn)
Jewellery
 f - an uncursed amulet of regeneration {unknown}
 i - a ring of flight (left hand)
 m - a ring of wizardry (right hand)
Magical devices
 x - a wand of random effects (21)
Scrolls
 d - a scroll of fear
 e - a scroll of fog {unknown}
 g - a scroll of remove curse {unknown}
 n - a scroll of teleportation
 r - a scroll of random uselessness {unknown}
 t - 2 scrolls of recharging {unknown}
 u - a scroll of magic mapping {unknown}
Potions
 h - a potion of heal wounds
 l - a potion of resistance {unknown}
 q - a potion of mutation {unknown}
 w - a potion of cancellation {unknown}
Books
 b - a Young Poisoner's Handbook

   Spells                             Type                      Level
   a - Sting                          Conjuration/Poison           1
   b - Cure Poison                    Poison                       2
   c - Mephitic Cloud                 Conjuration/Poison/Air       3
   d - Olgreb's Toxic Radiance        Poison                       4
   e - Venom Bolt                     Conjuration/Poison           5
Comestibles
 c - 3 bread rations
 j - 4 fruits
 k - a meat ration
 v - a beef jerky


   Skills:
 - Level 2.1 Dodging
 - Level 2.0 Stealth
 - Level 2.0 Spellcasting
 * Level 6.5 Conjurations
 - Level 4.0 Poison Magic


You had 4 spell levels left.
You knew the following spells:

 Your Spells              Type           Power        Failure   Level  Hunger
a - Sting                 Conj/Pois      ###.         1%          1    #......
c - Mephitic Cloud        Conj/Pois/Air  ##......     6%          3    ###....


Dungeon Overview and Level Annotations

Branches:
Dungeon (5/15)             Temple (1/1) D:4

Altars:
Ashenzari
Cheibriados
Dithmenos
Elyvilon
Fedhas
Gozag
Kikubaaqudgha
Nemelex Xobeh
Qazlal
Ru
Trog
Vehumet
Yredelemnul
Zin

Annotations:
D:5 North's ghost, experienced GrEE


Innate Abilities, Weirdness & Mutations

You have a beak for a mouth.
You have claws for feet.
You can fly.
You are partially covered in molten scales (AC +1).


Message History

North's ghost turns its malevolent gaze towards you.
You hear a shout!
North's ghost closely misses you.
Found 14 gold pieces.
Unknown command.
Unknown command.
A shadow imp comes into view.
You see here a twisted golden amulet.
f - a twisted golden amulet North's ghost barely misses you.
North's ghost gestures at you while chanting.
The stone arrow misses you. North's ghost completely misses you.
The shadow imp hits you but does no damage.
The shadow imp hits you.
There is a stone staircase leading up here.
North's ghost gestures at you while chanting.
The stone arrow hits you!
Ouch! That really hurt!
You die...

###.... #.....
#?#..#
#######.#$.# #
........#..# .#
........#..#..#
..............#
#######.#..#.###
.......@W5...>...
#######.#..######
#.#.....
#.#...###
#.#.....
#.....##. #.###.#
. ... .#


You could see North's ghost and a shadow imp.

Vanquished Creatures
  A scorpion (D:4)
  An iguana (D:4)
  A worker ant (D:4)
  An adder (D:2)
  An ooze (D:4)
  4 orcs (D:4)
  A giant cockroach (D:2)
  5 goblins
  3 hobgoblins (D:1)
  8 jackals (D:1)
  4 kobolds
  A quokka (D:4)
  A ball python (D:4)
  6 bats
  4 giant geckos
  A giant newt (D:4)
  4 rats
47 creatures vanquished.

Notes
Turn   | Place    | Note
--------------------------------------------------------------
     0 | D:1      | patman the Tengu Venom Mage began the quest for the Orb.
     0 | D:1      | Reached XP level 1. HP: 10/10 MP: 4/4
   294 | D:1      | Reached skill level 1 in Conjurations
   591 | D:1      | Reached XP level 2. HP: 15/15 MP: 4/6
  1307 | D:2      | Reached XP level 3. HP: 19/19 MP: 4/7
  1503 | D:2      | Learned a level 3 spell: Mephitic Cloud
  1970 | D:2      | You fall through a shaft for 2 floors!
  1985 | D:4      | Found a staircase to the Ecumenical Temple.
  1997 | Temple   | Entered the Ecumenical Temple
  2278 | Temple   | Became a worshipper of Vehumet
  2314 | D:4      | Reached XP level 4. HP: 20/24 MP: 0/8
  2414 | D:4      | Reached skill level 5 in Conjurations
  2417 | D:4      | Reached skill level 6 in Conjurations
  2417 | D:4      | Gained mutation: You can fly. [Tengu growth]
  2417 | D:4      | Reached XP level 5. HP: 25/28 MP: 3/9
  2919 | D:4      | Found a bloodstained altar of Trog.
  2994 | D:4      | Gained mutation: You are partially covered in molten scales (AC +1). [potion of beneficial mutation]
  3069 | D:4      | Found a basalt altar of Yredelemnul.
  3093 | D:5      | Entered Level 5 of the Dungeon
  3093 | D:5      | Noticed North's ghost (experienced GrEE)
  3104 | D:5      | Killed from afar by North's ghost

Vault maps used:
D:1:      kilobyte_arrival_exit_the_forest
D:4:      lemuel_coloured_pillars_altar, nicolae_overflow_crystal_walls,
          minmay_temple_entry_glass, first_bread
D:5:      kennysheep_mini, uniq_crazy_yiuf_cottage
Temple:   triangle_lava_temple_12

Action                   |  1- 3 |  4- 6 || total
-------------------------+-------+-------++-------
Melee: Unarmed           |    20 |       ||    20
       Dagger            |    16 |    40 ||    56
 Cast: Sting             |    61 |    19 ||    80
       Mephitic Cloud    |     1 |       ||     1
  Use: Scroll            |       |     4 ||     4
       Potion            |       |     1 ||     1
 Stab: Confused          |     1 |       ||     1
       Sleeping          |     1 |       ||     1
  Eat: Chunk             |     1 |     2 ||     3
       Meat ration       |     1 |       ||     1
